 Dungeon Crawl Stone Soup version 0.29-a0-222-g5b244fca1f (webtiles) character file.

Game seed: 14591788159661303681

4593 enile the Fighter (level 10, -7/80 HPs)
             Began as a Djinni Fire Elementalist on Feb 27, 2022.
             Was a Priest of Trog.
             Killed from afar by an acid dragon (12 damage)
             ... with a splash of acid
             ... on level 10 of the Dungeon.
             The game lasted 00:19:45 (10823 turns).

enile the Fighter (Djinni Fire Elementalist)       Turns: 10823, Time: 00:19:46

Health: -7/80      AC: 17    Str:  9    XL:     10   Next: 68%
Gold:   284        EV: -1    Int: 19    God:    Trog [***...] SH: 16 Dex: 18

rFire   + + .      SeeInvis .   n - +1 falchion of Zirr {vorpal, rF+ rN+}
rCold   . . .      Faith    .   x - +0 tower shield
rNeg    + . .      Spirit   .   e - +0 plate armour
rPois   ∞          Reflect  .   u - +1 hat
rElec   .          Harm     .   O - scarf {shadows}
rCorr   .          Rampage  .   (no gloves)
Will    +++..                   (boots unavailable)
Stlth   ..........              G - amulet of the Sturgeon {Acrobat Dex+4}
HPRegen 1.23/turn               H - ring of ice
MPRegen 0.00/turn               M - +4 ring of protection

@: strong-willed, flying, regenerating
A: sickness immunity, fire resistance 2, cold vulnerability 1, float, innate
caster, HP casting, extra vitality 1
a: Renounce Religion, Berserk, Trog's Hand


You were on level 10 of the Dungeon.
You worshipped Trog.
Trog was most pleased with you.
You visited 1 branch of the dungeon, and saw 10 of its levels.
You also visited: Sewer.

You collected 452 gold pieces.
You spent 168 gold pieces at shops.

Inventory:

Hand Weapons
 i - a +3 dagger of venom
 n - the +1 falchion of Zirr (weapon) {vorpal, rF+ rN+}
   (You found it on level 2 of the Dungeon)

   It inflicts extra damage upon your enemies.
   rF:        It protects you from fire.
   rN:        It protects you from negative energy.
 v - a +1 antimagic flail
 E - a +2 antimagic flail
 I - a +2 flail of protection
 J - a +4 long sword
Armour
 a - a +0 robe
 e - a +0 plate armour (worn)
 o - a +0 scale mail
 u - a +1 hat (worn)
 x - a +0 tower shield (worn)
 z - a +0 chain mail
 K - +0 swamp dragon scales
 O - a scarf of shadows (worn)
 P - a +0 leather armour of cold resistance
Jewellery
 p - an amulet of regeneration
 A - a +6 ring of intelligence
 G - the amulet of the Sturgeon (around neck) {Acrobat Dex+4}
   (You found it on level 5 of the Dungeon)

   [amulet of the acrobat]

   It increases your evasion while moving and waiting.
   Dex:       It affects your dexterity (+4).
 H - a ring of ice (left hand)
 M - a +4 ring of protection (right hand)
Wands
 y - a wand of flame (6)
 L - a wand of acid (6)
Scrolls
 c - 3 scrolls of identify
 d - 5 scrolls of magic mapping
 g - 4 scrolls of immolation {unknown}
 l - a scroll of holy word
 m - a scroll of fog
 q - 3 scrolls of teleportation
 t - 2 scrolls of noise
 w - a scroll of enchant armour
 B - 2 scrolls of vulnerability
 C - 2 scrolls of brand weapon {unknown}
 F - a scroll of acquirement
 N - a scroll of enchant weapon
Potions
 b - 4 potions of brilliance {unknown}
 h - a potion of flight {unknown}
 j - 2 potions of resistance {unknown}
 k - 2 potions of curing {unknown}
 r - a potion of might {unknown}
 s - 2 potions of lignification {unknown}
 D - 2 potions of haste


   Skills:
 - Level 10.0 Fighting
 - Level 3.0 Long Blades
 + Level 5.0 Armour
 - Level 3.0 Dodging
 - Level 4.0 Stealth
 - Level 8.0 Shields
 - Level 2.4 Spellcasting


You couldn't memorise any spells.
You knew the following spells:

 Your Spells              Type           Power      Damage    Failure   Level
a - Foxfire               Conj/Fire      44%        2x1d6     100%        1
b - Scorch                Fire           22%        2d6       100%        2
c - Conjure Flame         Conj/Fire      11%        6-21      100%        3
d - Inner Flame           Hex/Fire       11%        N/A       100%        3
e - Flame Wave            Conj/Fire      11%        2d5       100%        4
f - Sandblast             Erth           22%        2d7       100%        1
g - Static Discharge      Conj/Air       11%        N/A       100%        2
h - Gell's Gravitas       Tloc           11%        N/A       100%        3
i - Sticky Flame          Conj/Fire      11%        2d3       100%        4
Your spell library was empty.


Dungeon Overview and Level Annotations

Branches:
Dungeon (10/15)            Temple (0/1) D:6           Sewer (visited)
   Lair: D:8-11         Orc: D:9-12

Altars:
Dithmenos
Okawaru
Trog

Shops:
D:5 ?

Annotations:
D:6 3 runed translucent doors, fabreeze's ghost, novice OpSu


Innate Abilities, Weirdness & Mutations

You are immune to sickness and miasma.
You are immune to poison.
Your flesh is very heat resistant. (rF++)
You are vulnerable to cold. (rC-)
You float through the air rather than walking.
You learn spells naturally, not from books.
Your magical power is your life essence.
You have superior vitality. (+4 MHP)


Message History

You block the acid dragon's attack. x2
You hit the acid dragon but do no damage.
The acid dragon is moderately wounded.
You block the acid dragon's attack. x2
The acid dragon bites you but does no damage.
You block the acid dragon's attack.
You hit the acid dragon but do no damage.
The acid dragon is moderately wounded.
The acid dragon spits acid at you. The splash of acid hits you!
You hit the acid dragon but do no damage.
The acid dragon is moderately wounded.
You block the acid dragon's attack. The acid dragon claws you.
You block the acid dragon's attack.
The acid dragon claws you but does no damage.
A gargoyle comes into view. It is wielding a +0 flail.
You closely miss the acid dragon.
The acid dragon is moderately wounded.
You block the acid dragon's attack. x2
Your skin crawls.
You feel strong-willed. The acid dragon spits acid at you.
The splash of acid hits you! The acid dragon spits acid at you.
The splash of acid hits you!!
* * * LOW HITPOINT WARNING * * *
The gargoyle hurls a stone arrow at you.
You block the stone arrow.
You are no longer corroded.
There is a stone staircase leading up here.
Okay, then.
Blink to where?
Press: ? - help, Dir - move target
As you read the scroll of blinking, it crumbles to dust.
The gargoyle hurls a stone arrow at you.
The stone arrow hits you!
* * * LOW HITPOINT WARNING * * *
The acid dragon spits acid at you. The splash of acid hits you!
You die...

# ######.#
####......#
#..D<§.#
#..9...#
#......#
#@.....#
#.......#
...........
..###..#..###
.. ^..#.## .
.... # .###


You could see an acid dragon (catching breath) and a gargoyle.

Vanquished Creatures
  Maggie (D:8)
  Prince Ribbit (D:6)
  4 yaks (D:8)
  A steam dragon (D:6)
  4 water moccasins
  Duvessa (D:5)
  2 orc warriors
  2 ice beasts
  A black bear (D:6)
  A necrophage (D:6)
  An ogre (D:4)
  2 centaurs
  A phantom (D:6)
  Blork the orc (D:5)
  A gnoll sergeant (D:6)
  5 bullfrogs
  4 scorpions
  6 killer bees
  3 wights (D:7)
  A howler monkey (D:9)
  2 hounds
  2 jellies (D:6)
  2 orc priests
  2 gnoll shamans
  5 iguanas
  4 orc wizards
  Ijyb (D:4)
  23 gnolls
  6 adders
  A river rat (D:4)
  A shadow imp (D:7)
  2 white imps (D:7)
  A dart slug (D:4)
  29 orcs
  13 bats
  4 endoplasms
  4 giant cockroaches (D:1)
  A goblin (D:2)
  3 hobgoblins
  3 jackals (D:1)
  6 kobolds
  3 quokkas
  9 ball pythons
  A frilled lizard (D:3)
  10 rats
181 creatures vanquished.

Vanquished Creatures (others)
  An orc wizard (D:9)
  A shadow imp (D:9)
  A white imp (D:9)
  183 foxfires
186 creatures vanquished.

Grand Total: 367 creatures vanquished

Notes
Turn   | Place    | Note
-------+----------+-------------------------------------------
     0 | D:1      | enile the Djinni Fire Elementalist began the quest for the
                  | Orb.
     0 | D:1      | Reached XP level 1. HP: 15/15 MP: 0/0
   301 | D:1      | Reached skill level 1 in Fighting
   525 | D:1      | Reached XP level 2. HP: 8/22 MP: 0/0
  1058 | D:1      | Reached skill level 2 in Fighting
  1384 | D:1      | Reached XP level 3. HP: 22/29 MP: 0/0
  1384 | D:1      | Learned a level 1 spell: Sandblast
  2594 | D:2      | Reached skill level 3 in Fighting
  2682 | D:2      | Reached XP level 4. HP: 33/35 MP: 0/0
  2934 | D:2      | Identified the +1 falchion of Zirr {vorpal, rF+ rN+}
  3420 | D:2      | Found a faded altar of an unknown god.
  3509 | D:2      | Prayed at the altar of an unknown god.
  3509 | D:2      | Became a worshipper of Trog the Wrathful
  3509 | D:2      | Reached * piety under Trog
  3971 | D:3      | You are sucked into a shaft and drop 2 floors!
  3971 | D:5      | Entered Level 5 of the Dungeon
  3974 | D:5      | Found an iron altar of Okawaru.
  3992 | D:5      | Noticed a scorpion
  4018 | D:5      | Noticed a water moccasin
  4029 | D:5      | Killed a water moccasin
  4030 | D:5      | Reached skill level 5 in Fighting
  4030 | D:5      | Reached XP level 5. HP: 11/43 MP: 0/0
  4030 | D:5      | Learned a level 2 spell: Static Discharge
  4032 | D:5      | Reached XP level 6. HP: 8/49 MP: 0/0
  4135 | D:5      | Noticed Blork the orc
  4151 | D:4      | Noticed Ijyb
  4161 | D:4      | Noticed an ogre
  4172 | D:4      | Killed an ogre
  4182 | D:4      | Killed Ijyb
  4183 | D:4      | Reached skill level 6 in Fighting
  4187 | D:4      | Reached skill level 1 in Long Blades
  4187 | D:4      | Reached XP level 7. HP: 29/56 MP: 0/0
  4187 | D:4      | Learned a level 3 spell: Gell's Gravitas
  4298 | D:4      | Reached skill level 1 in Armour
  4489 | D:4      | Found a glowing drain.
  4507 | Sewer    | Entered a sewer
  4516 | Sewer    | Reached ** piety under Trog
  4551 | Sewer    | Noticed a water moccasin
  4562 | Sewer    | Killed a water moccasin
  5077 | D:5      | Reached XP level 8. HP: 61/61 MP: 0/0
  5316 | D:5      | Killed Blork the orc
  5360 | D:5      | Identified the amulet of the Sturgeon {Acrobat Dex+4}
  5375 | D:5      | Noticed Duvessa
  5401 | D:5      | Killed Duvessa
  5459 | D:5      | Found a shadowy altar of Dithmenos.
  5543 | D:5      | Found Rioss's Magic Scroll Emporium.
  5551 | D:5      | Bought a scroll of teleportation for 39 gold pieces
  5551 | D:5      | Bought a scroll of noise for 13 gold pieces
  5551 | D:5      | Bought a scroll of magic mapping for 45 gold pieces
  5551 | D:5      | Bought a scroll of identify for 26 gold pieces
  5551 | D:5      | Bought a scroll of magic mapping for 45 gold pieces
  5613 | D:5      | Reached skill level 5 in Shields
  5827 | D:6      | Noticed Prince Ribbit
  5860 | D:5      | Reached skill level 7 in Fighting
  5899 | D:5      | Reached XP level 9. HP: 37/68 MP: 0/0
  5899 | D:5      | Learned a level 4 spell: Sticky Flame
  5964 | D:6      | Killed Prince Ribbit
  6023 | D:6      | Found a staircase to the Ecumenical Temple.
  6066 | D:6      | Reached skill level 8 in Fighting
  6178 | D:6      | Noticed fabreeze's ghost (novice OpSu)
  6246 | D:6      | Found a runed translucent gate.
  6246 | D:6      | Found a runed translucent gate.
  6248 | D:6      | Found a runed translucent gate.
  7582 | D:6      | Reached skill level 9 in Fighting
  7704 | D:6      | Reached *** piety under Trog
  8067 | D:7      | Reached XP level 10. HP: 52/78 MP: 0/0
  8651 | D:7      | Reached skill level 10 in Fighting
  9303 | D:8      | Noticed Maggie
  9319 | D:8      | Killed Maggie
  9320 | D:8      | Reached skill level 5 in Armour
  9994 | D:8      | Identified a scroll of acquirement
 10240 | D:8      | Noticed a two-headed ogre
 10576 | D:9      | Noticed a deep elf pyromancer
 10602 | D:9      | Noticed a deep elf pyromancer
 10619 | D:10     | Entered Level 10 of the Dungeon
 10815 | D:10     | Noticed a gargoyle
 10822 | D:10     | HP: 4/80 [gargoyle/stone arrow (17)]
 10823 | D:10     | Killed from afar by an acid dragon

Illustrated notes

Levels and vault maps discovered:
D:1:      sevenhm_arrival_forest_fort_large_2, layout_basic, minivault_5
D:2:      layout_basic, serial_rivers, chequers_serial_rivers_micro_c,
          chequers_serial_rivers_small_b, chequers_serial_rivers_large_b,
          chequers_serial_rivers_micro_d, chequers_serial_rivers_marsh,
          shapermc_ecumenical_altar_mp_highgroup, minmay_misc_feat_x
D:3:      layout_loops_cross, nicolae_qazlal_style_of_elements
D:4:      layout_rooms, portal_sewer_entry_b, uniq_ijyb
D:5:      layout_loops_ring, grunt_dithmenos_smoke, okawaru_gym_becter,
          serial_shops, shop, chequers_garden, grunt_ministairs_14,
          uniq_blork_the_orc, uniq_duvessa
D:6:      layout_basic, minmay_temple_entry_glassed_door, gammafunk_ghost_split,
          uniq_prince_ribbit1
D:7:      layout_basic
D:8:      layout_basic, special_room [special_room_kobold], uniq_maggie
D:9:      layout_loops_cross, david_lair_generic, david_orc_5, minivault_25_ag,
          hangedman_minor_magic
D:10:     layout_rooms, kennysheep_mini, uniq_psyche

Skill      XL: |  1  2  3  4  5  6  7  8  9 10 |
---------------+-------------------------------+-----
Fighting       | 1 2 3 5 6 7 9 10 | 10.0
Dodging        | 3 |  3.0
Long Blades    | 1 2 3 |  3.0
Armour         | 2 3 4 5 |  5.0
Shields        | 3 5 8 |  8.0
Stealth        | 4 |  4.0
Spellcasting   | |  2.4

Action                   |  1- 3 |  4- 6 |  7- 9 | 10-12 || total
-------------------------+-------+-------+-------+-------++-------
Melee: Falchion          |       |    45 |   457 |   257 ||   759
       Punch             |       |       |     1 |       ||     1
Throw: Throwing net      |       |       |     3 |       ||     3
 Cast: Foxfire           |    88 |    26 |       |       ||   114
       Scorch            |     6 |     2 |       |       ||     8
Invok: Berserk           |       |     1 |     6 |     4 ||    11
       Trog's Hand       |       |       |       |     3 ||     3
Evoke: Wand              |       |     6 |     1 |     2 ||     9
  Use: Scroll            |       |       |     7 |     4 ||    11
 Stab: Sleeping          |       |     1 |       |       ||     1
Armor: Robe              |     7 |    11 |       |       ||    18
       Chain mail        |       |       |   242 |       ||   242
       Plate armour      |       |       |    89 |   193 ||   282
Dodge: Dodged            |    12 |    46 |    26 |    20 ||   104
Block: Tower shield      |       |       |   378 |   321 ||   699

Table legend: (Time is in decaauts)
 A = Elapsed time spent in this place.
 B = Non-inter-level travel time spent in this place.
 C = Inter-level travel time spent in this place.
 D = Time resting spent in this place.
 E = Time spent auto-exploring this place.
 F = Levels seen in this place.
 G = Mean time per level.
                   A        B        C        D        E       F      G
               +--------+--------+--------+--------+--------+-----+--------+
         Total |  11274 |  10938 |    336 |    933 |   7512 |  11 | 1024.9 |
       Dungeon |  11147 |  10811 |    336 |    933 |   7461 |  10 | 1114.7 |
         Sewer |    127 |    127 |      0 |      0 |     51 |   1 |  127.0 |
               +--------+--------+--------+--------+--------+-----+--------+

Top non-repeatable levels by time:
     D:1: 2444 daAuts
     D:6: 2402 daAuts
     D:5: 1262 daAuts
     D:7: 1152 daAuts
     D:2: 1119 daAuts
     D:8: 1036 daAuts
     D:4: 744 daAuts
     D:9: 549 daAuts
     D:3: 410 daAuts
   Sewer: 127 daAuts
    D:10: 25 daAuts
